 Dungeon Crawl Stone Soup version 0.28-a0-938-gbc3f381ebc (webtiles) character file.

Game seed: 6082332302334743465

641 Peloso the Covered (level 7, -1/61 HPs)
             Began as a Minotaur Fighter on Nov 28, 2021.
             Was a Follower of Okawaru.
             Slain by an orc warrior (19 damage)
             ... on level 6 of the Dungeon.
             The game lasted 00:06:37 (2784 turns).

Peloso the Covered (Minotaur Fighter)               Turns: 2784, Time: 00:06:37

Health: -1/61      AC:  9    Str: 21    XL:     7   Next: 26%
Magic:  6/6        EV: 10    Int:  5    God:    Okawaru [*.....]
Gold:   143        SH:  5    Dex: 11    Spells: 6/6 levels left

rFire   . . .      SeeInvis +   a - +0 long sword
rCold   . . .      Faith    .   c - +0 buckler
rNeg    . . .      Spirit   .   b - +1 scale mail {rPois}
rPois   +          Reflect  .   (helmet restricted)
rElec   .          Harm     .   (no cloak)
rCorr   .          Rampage  .   (no gloves)
Will    .....                   j - +0 pair of boots
Stlth   ..........              h - amulet of magic regeneration
HPRegen 0.20/turn               e - ring of poison resistance
MPRegen 0.50/turn               r - ring of see invisible

@: no status effects
A: horns 2, retaliatory headbutt
a: Renounce Religion, Heroism


You were on level 6 of the Dungeon.
You worshipped Okawaru.
Okawaru was aware of your devotion.
You visited 2 branches of the dungeon, and saw 7 of its levels.

You collected 143 gold pieces.

Inventory:

Hand Weapons
 a - a +0 long sword (weapon)
 x - the +7 mace of Vovvoef {drain, Str+6 Dex-5 SInv}
   (You found it on level 6 of the Dungeon)

   A truly terrible weapon, it drains the life of any living foe it strikes.
   Str:       It affects your strength (+6).
   Dex:       It affects your dexterity (-5).
   SInv:      It lets you see invisible.
Armour
 b - a +1 scale mail of poison resistance (worn)
 c - a +0 buckler (worn)
 j - a +0 pair of boots (worn)
Jewellery
 e - a ring of poison resistance (left hand)
 f - a +4 ring of evasion
 h - an amulet of magic regeneration (around neck)
 r - a ring of see invisible (right hand)
Wands
 m - a wand of flame (22)
 w - a wand of digging (4)
Scrolls
 g - 2 scrolls of amnesia
 i - 2 scrolls of brand weapon
 q - a scroll of teleportation
Potions
 d - a potion of magic {unknown}
 k - a potion of resistance {unknown}
 l - a potion of invisibility {unknown}
 n - a potion of mutation {unknown}
 o - a potion of curing {unknown}
 p - a potion of attraction {unknown}
 t - a potion of heal wounds


   Skills:
 + Level 5.3 Fighting
 + Level 6.0 Long Blades
 + Level 6.0 Armour
 + Level 1.4 Dodging
 + Level 5.4 Shields


You had 6 spell levels left.
You didn't know any spells.
Your spell library contained the following spells:

 Spells                   Type           Power      Damage    Failure   Level
 Conjure Flame            Conj/Fire      0%         6-21      99%         3
 Gell's Gravitas          Tloc           0%         N/A       99%         3
 Ignite Poison            Fire/Tmut/Pois 0%         N/A       99%         3
 Teleport Other           Tloc           0%         N/A       99%         3
 Sticky Flame             Conj/Fire      0%         2d3       100%        4
 Dispersal                Tloc           0%         N/A       100%        6
 Eringya's Noxious Bog    Tmut/Pois      0%         N/A       100%        6
 Summon Forest            Summ/Tloc      Unusable   N/A       N/A         5
 Summon Hydra             Summ           Unusable   N/A       N/A         7

Dungeon Overview and Level Annotations

Branches:
Dungeon (6/15)             Temple (1/1) D:4

Altars:
Cheibriados
Hepliaklqana
Okawaru
Ru
Sif Muna
Trog
Uskayaw
Wu Jian
Xom
Yredelemnul

Shops:
D:6 (

Annotations:
D:3 1 runed translucent door, BinkBink's ghost, amateur MiMo
D:4 Dowan; Duvessa


Innate Abilities, Weirdness & Mutations

You have a pair of horns on your head.
You reflexively headbutt those who attack you in melee.


Message History

Things that are here:
a +0 club; 6 stones; an iguana corpse An orc warrior comes into view.
It is wielding a +0 halberd.
The orc warrior shouts!
Things that are here:
a +0 falchion; a +0 leather armour; the human corpse of Eustachio
Things that are here:
a +0 club; 6 stones; an iguana corpse
Things that are here:
a +0 flail; an orc corpse
Items here: ( ))) [[ ††.
Found Xafoevef's Weapon Shop.
Found a stone staircase leading down.
An iguana comes into view.
Found a leather armour.
Found a stone staircase leading up.
The iguana hisses angrily.
Found 6 gold pieces.
Found a whip.
You feel a little less mighty now.
You hear the slow rusting of a drain very nearby.
The iguana bites you.
You slash the iguana! Your headbutt misses the iguana.
The iguana is heavily wounded.
The iguana bites you.
You slash the iguana!
You kill the iguana!
Okawaru accepts your kill.
The orc warrior hits you from afar with a +0 halberd!
An orc wizard comes into view. It is wielding a +0 dagger.
The orc wizard shouts!
The orc warrior hits you with a +0 halberd!
The orc wizard mumbles some strange words.
The orc wizard flickers and vanishes for a moment.
You barely miss the orc warrior.
The orc warrior hits you with a +0 halberd!
* * * LOW HITPOINT WARNING * * *
You barely miss the orc warrior. The orc warrior closely misses you.
You hit the orc warrior but do no damage.
You block the orc warrior's attack.
The orc warrior hits you with a +0 halberd!!
You die...

*,≈≈≈≈≈≈≈≈,,,*
##....####,,..
*≈≈≈≈≈≈≈≈,,,,*
*...).....,,..
**≈≈∩****,,,**
*#........*,..
*≈≈**,,,,,,*
##..##.##.##..
*≈≈*,,,***,*
#...##..##...#
*≈≈*,,,,,,,*
*#...#......##
**≈≈*,,,***,*
##...#........
*≈≈,,,,**
#.########...........#.
*≈,,,,,*
#.....@o..o............
**,,,,,*
#########.....[.....#..
*,,**** ######......#..
**** **#8.>.8....
*........#..
*....∩...#..
**..........
*,8.<.8.... *,.........


You could see an orc warrior and an orc wizard (invisible).

Vanquished Creatures
  Eustachio (D:6)
  A bullfrog (D:5)
  A wyvern skeleton (D:6)
  A water moccasin skeleton (D:3)
  A bullfrog skeleton (D:5)
  A hound (D:5)
  2 iguanas (D:6)
  2 orc wizards (D:6)
  Ijyb (D:3)
  A hound zombie (D:3)
  3 gnolls (D:5)
  A howler monkey skeleton (D:5)
  2 adders
  A shadow imp (D:3)
  An adder skeleton (D:3)
  An adder zombie (D:3)
  A dart slug (D:1)
  11 orcs
  3 ball pythons
  2 endoplasms (D:1)
  A giant cockroach (D:1)
  5 goblins
  4 hobgoblins
  3 jackals (D:5)
  4 kobolds
  3 quokkas
  7 bats
  3 frilled lizards
  3 rats
71 creatures vanquished.

Vanquished Creatures (others)
  2 plants (D:2)
2 creatures vanquished.

Grand Total: 73 creatures vanquished

Notes
Turn   | Place    | Note
-------+----------+-------------------------------------------
     0 | D:1      | Peloso the Minotaur Fighter began the quest for the Orb.
     0 | D:1      | Reached XP level 1. HP: 19/19 MP: 0/0
    62 | D:1      | Reached XP level 2. HP: 25/27 MP: 1/1
   889 | D:2      | Found a faded altar of an unknown god.
   893 | D:2      | Reached XP level 3. HP: 33/33 MP: 2/2
  1188 | D:3      | Reached XP level 4. HP: 39/41 MP: 3/3
  1226 | D:3      | Noticed Ijyb
  1230 | D:3      | Killed Ijyb
  1350 | D:3      | Reached XP level 5. HP: 47/47 MP: 4/4
  1443 | D:3      | Found a sacrificial altar of Ru.
  1542 | D:3      | Found a runed translucent door.
  1547 | D:3      | Noticed BinkBink's ghost (amateur MiMo)
  1719 | D:3      | Found an ornate altar of the Wu Jian Council.
  1970 | D:4      | Noticed Dowan
  1972 | D:4      | Noticed Duvessa
  2075 | D:4      | Found a staircase to the Ecumenical Temple.
  2084 | Temple   | Entered the Ecumenical Temple
  2135 | Temple   | Became a worshipper of Warmaster Okawaru
  2187 | D:5      | Entered Level 5 of the Dungeon
  2282 | D:5      | Reached skill level 5 in Armour
  2282 | D:5      | Reached skill level 1 in Dodging
  2299 | D:5      | Reached XP level 6. HP: 51/53 MP: 5/5
  2365 | D:5      | Reached skill level 5 in Long Blades
  2679 | D:6      | Identified the +7 mace of Vovvoef {drain, Str+6 Dex-5 SInv}
  2684 | D:6      | Reached * piety under Okawaru
  2699 | D:6      | Noticed Eustachio
  2711 | D:6      | Killed Eustachio
  2712 | D:6      | Reached skill level 5 in Fighting
  2712 | D:6      | Reached skill level 5 in Shields
  2712 | D:6      | Reached XP level 7. HP: 42/61 MP: 6/6
  2755 | D:6      | Found Xafoevef's Weapon Shop.
  2784 | D:6      | Slain by an orc warrior

Illustrated notes

Levels and vault maps discovered:
D:1:      dpeg_arrival_more_subterranean_lakeside_camping, layout_loops_ring
D:2:      layout_rooms, shapermc_ecumenical_altar_mp_ritualfount
D:3:      layout_loops_cross, nicolae_ru_path_of_blood,
          nzn_wu_jian_contemplation, serial_undead, serial_undead_a,
          serial_undead_a, serial_undead_d, serial_undead_d,
          ebering_ghost_inner_flame, uniq_ijyb
D:4:      layout_basic, kennysheep_mini, minmay_temple_entry_glass,
          uniq_duvessa, uniq_sigmund, uniq_natasha
D:5:      layout_rooms
D:6:      layout_cave_pools, cheibrodos_sewer_entry_bend, serial_shops,
          nicolae_diamond_shop, nicolae_square_shop, nicolae_stop_n_shop_2,
          nicolae_stop_n_shop_2, shop, uniq_eustachio
Temple:   minmay_crystal_spiral_temple

Skill      XL: |  1  2  3  4  5  6  7 |
---------------+----------------------+-----
Fighting       | 4 5 |  5.3
Armour         | 4 5 6 |  6.0
Shields        | 4 5 |  5.4
Long Blades    | 3 4 5 6 |  6.0
Dodging        | 1 |  1.4

Action                   |  1- 3 |  4- 6 |  7- 9 || total
-------------------------+-------+-------+-------++-------
Melee: Long sword        |    65 |    81 |    18 ||   164
       Headbutt          |     8 |    20 |       ||    28
Invok: Heroism           |       |     1 |       ||     1
  Use: Potion            |     2 |     2 |       ||     4
       Scroll            |     1 |     7 |       ||     8
Armor: Scale mail        |    32 |    45 |    15 ||    92
Dodge: Dodged            |    35 |    50 |    20 ||   105
Block: Buckler           |    19 |    42 |     6 ||    67

Table legend: (Time is in decaauts)
 A = Elapsed time spent in this place.
 B = Non-inter-level travel time spent in this place.
 C = Inter-level travel time spent in this place.
 D = Time resting spent in this place.
 E = Time spent auto-exploring this place.
 F = Levels seen in this place.
 G = Mean time per level.
                   A        B        C        D        E       F      G
               +--------+--------+--------+--------+--------+-----+--------+
         Total |   2802 |   2711 |     91 |      0 |   1979 |   7 |  400.3 |
       Dungeon |   2709 |   2618 |     91 |      0 |   1942 |   6 |  451.5 |
        Temple |     92 |     92 |      0 |      0 |     37 |   1 |   92.0 |
               +--------+--------+--------+--------+--------+-----+--------+

Top non-repeatable levels by time:
     D:3: 884 daAuts
     D:1: 787 daAuts
     D:5: 493 daAuts
     D:2: 353 daAuts
     D:6: 108 daAuts
  Temple: 92 daAuts
     D:4: 81 daAuts
